 Dungeon Crawl Stone Soup version 0.19.4-10-g532645f (webtiles) character file.

771 Magnus the Carver (level 7, 0/50 HPs)
             Began as a Demonspawn Gladiator on Feb 25, 2017.
             Slain by a wight
             ... wielding a cursed +5 battleaxe
              (18 damage)
             ... on level 4 of the Dungeon.
             The game lasted 00:12:35 (3837 turns).

Magnus the Carver (Demonspawn Gladiator)            Turns: 3837, Time: 00:12:36

Health: 0/50       AC:  5    Str: 16    XL:     7   Next: 53%
Magic:  7/7        EV: 14    Int:  9    God:
Gold:   144        SH:  0    Dex: 18    Spells: 0 memorised, 6 levels left

rFire  . . .     SeeInvis .     a - +0 long sword
rCold  + . .     Gourm    .     b - +0 leather armour
rNeg   . . .     Faith    .     (no shield)
rPois  .         Spirit   .     c - +1 helmet
rElec  .         Reflect  .     (no cloak)
rCorr  .         Harm     .     (no gloves)
MR     .....                    (no boots)
Stlth  +.........               p - amulet of regeneration
                                w - ring of protection from cold
                                u - +3 ring of dexterity

@: heavily drained
A: hooves 1, repulsion field 1, demonic guardian 1
a: no special abilities


You were on level 4 of the Dungeon.
You were not hungry.

You visited 1 branch of the dungeon, and saw 5 of its levels.

You collected 144 gold pieces.

Inventory:

Hand Weapons
 a - a +0 long sword (weapon)
 y - a +1 falchion
Missiles
 d - 5 throwing nets (quivered)
 o - 8 exploding tomahawks
Armour
 b - a +0 leather armour (worn)
 c - a +1 helmet (worn)
Rods
 i - a +2 iron rod (11/11)
   (You found it on level 3 of the Dungeon)
Jewellery
 p - an amulet of regeneration (around neck)
 u - a +3 ring of dexterity (left hand)
 w - a ring of protection from cold (right hand)
Scrolls
 e - 6 scrolls of identify
 g - 5 scrolls of remove curse
 h - a scroll of magic mapping
 k - a scroll of enchant armour
 s - 2 scrolls of amnesia
Potions
 l - 5 potions of flight
 x - a potion of ambrosia {unknown}
Comestibles
 f - 5 bread rations
 m - a slice of pizza
 n - a chunk of flesh
 r - a meat ration
 v - a beef jerky


   Skills:
 - Level 2.0(0.8) Fighting
 + Level 8.2(6.9) Long Blades
 - Level 1.7(0.6) Throwing
 - Level 2.6(1.5) Dodging


You had 6 spell levels left.
You didn't know any spells.

Dungeon Overview and Level Annotations

Branches:
Dungeon (5/15)
 Temple: D:4-7

Altars:
Ashenzari
Hepliaklqana
Xom

Shops:
D:5 !


Innate Abilities, Weirdness & Mutations

You have large cloven feet.
You are surrounded by a mild repulsion field. (EV +2)
A weak demonic guardian rushes to your aid.


Message History

Okay, then.
Okay, then.
Okay, then.
It was a potion of brilliance.
You feel clever all of a sudden. The wight closely misses you.
You riposte.
You hit the wight. Your kick misses the wight.
The wight is moderately damaged.
The orc hits you with a mace!
* * * LOW HITPOINT WARNING * * *
The wight barely misses you.
It was a potion of cancellation.
Your magical effects are unravelling.
You feel magically purged.
You feel a little less clever now. The orc completely misses you.
The wight completely misses you. The orc hits you but does no damage.
It was a potion of curing.
You feel better.
The wight hits you with an enchanted battleaxe!!
You die...

#.#..........# #.# #.#.##.##.##.#
#.#
##.#.##.##.##.####.##############
..)#.##.##.##....................
####.##.##.##..>......###########
#.##.##.##..###.##.#
#.##.##.##..# #.##.#
####.##.##.##..###[##.#
.#.............z@o[...#
.##............z[o.##.####
.#...<....###...#####....#
.##.#.###.###.### #.##.#
.##.#.....#...# #.##.#
.##.#####.#.### #.##.# .##.#
###.#.# #.##.# ###.# #.....#
######.##.# #.#
#.###.####.........#


You could see 2 wights and 2 orcs.

Vanquished Creatures
  An ogre (D:4)
  2 wights
  2 howler monkeys
  3 hounds
  An orc priest (D:4)
  2 orc wizards
  A bullfrog skeleton (D:5)
  An iguana (D:4)
  Ijyb (D:4)
  2 hound skeletons (D:4)
  6 adders
  A shadow imp (D:5)
  4 worms
  A leopard gecko (D:1)
  7 orcs
  4 ball pythons
  6 bats
  A giant cockroach (D:4)
  10 goblins
  6 hobgoblins
  7 jackals
  7 kobolds
  2 quokkas
  8 frilled lizards
  A jackal zombie (D:5)
  A leopard gecko skeleton (D:4)
  9 rats
97 creatures vanquished.

Vanquished Creatures (collateral kills)
  2 ogres
  A wight (D:5)
  4 orcs
  3 goblins (D:4)
  A jackal skeleton (D:4)
  A leopard gecko skeleton (D:5)
12 creatures vanquished.

Vanquished Creatures (others)
  A hobgoblin (D:1)
1 creature vanquished.

Grand Total: 110 creatures vanquished

Notes
Turn   | Place    | Note
-------+----------+-------------------------------------------
     0 | D:1      | Magnus the Demonspawn Gladiator began the quest for the Orb.
     0 | D:1      | Reached XP level 1. HP: 16/16 MP: 1/1
   176 | D:1      | Reached skill level 3 in Long Blades
   298 | D:1      | Gained mutation: A weak demonic guardian rushes to your aid. [demonic ancestry]
   298 | D:1      | Reached XP level 2. HP: 22/22 MP: 2/2
   847 | D:2      | Gained mutation: You have large cloven feet. [demonic ancestry]
   847 | D:2      | Reached XP level 3. HP: 23/27 MP: 3/3
   984 | D:2      | Found a shimmering altar of Xom.
  1331 | D:2      | Reached skill level 4 in Long Blades
  1417 | D:2      | Found a hazy altar of Hepliaklqana.
  2080 | D:3      | Reached XP level 4. HP: 28/33 MP: 4/4
  2301 | D:3      | Found a shattered altar of Ashenzari.
  2400 | D:3      | Reached skill level 5 in Long Blades
  2648 | D:4      | Gained mutation: You are surrounded by a mild repulsion field. (EV +2) [demonic ancestry]
  2648 | D:4      | Reached XP level 5. HP: 5/38 MP: 5/5
  2866 | D:4      | Noticed an ogre
  3001 | D:4      | Reached skill level 6 in Long Blades
  3078 | D:4      | Noticed Ijyb
  3107 | D:4      | Killed Ijyb
  3107 | D:4      | Reached XP level 6. HP: 41/44 MP: 6/6
  3607 | D:4      | Reached skill level 7 in Long Blades
  3623 | D:5      | Entered Level 5 of the Dungeon
  3675 | D:5      | Reached XP level 7. HP: 49/50 MP: 7/7
  3691 | D:5      | Found Qakofaho's Distillery.
  3758 | D:5      | Reached skill level 8 in Long Blades
  3837 | D:4      | Slain by a wight

Skill      XL: |  1  2  3  4  5  6  7 |
---------------+----------------------+-----
Long Blades    | 3 4 5 6 7 8 |  8.2
Fighting       | |  2.0
Throwing       | |  1.7
Dodging        | |  2.6

Action                   |  1- 3 |  4- 6 |  7- 9 || total
-------------------------+-------+-------+-------++-------
Melee: Long sword        |   133 |   149 |    42 ||   324
       Kick              |    23 |    46 |    14 ||    83
  Use: Scroll            |     8 |       |       ||     8
       Potion            |       |       |     3 ||     3
 Stab: Sleeping          |       |     1 |       ||     1
       Distracted        |       |     1 |       ||     1
  Eat: Chunk             |     4 |     5 |     1 ||    10
Armor: Leather armour    |    46 |    35 |    12 ||    93
Dodge: Dodged            |   100 |    83 |    36 ||   219
       Rpst.: Long sword |    34 |    29 |    15 ||    78
